 Dungeon Crawl Stone Soup version 0.31-a0-466-g98c9adc2b6 (webtiles) character file.

Game seed: 17346844843127532046

1 avis the Changeling (level 1, 0/9 HPs)
             Began as a Felid Shapeshifter on Aug 5, 2023.
             Slain by a dart slug (1 damage)
             ... on level 1 of the Dungeon.
             The game lasted 00:00:29 (186 turns).

avis the Changeling (Felid Shapeshifter)             Turns: 186, Time: 00:00:30

Health: 0/9        AC:  1    Str: 11    XL:     1   Next: 16%
Magic:  2/2        EV: 17    Int:  9    God:
Gold:   15         SH:  0    Dex: 16    Spells: 0/0 levels left
                                        Lives:  0   Deaths: 0

rFire   . .          .
                       - Unarmed
rCold   . . .        (shield unavailable)
rNeg    . . .        (body armour unavailable)
rPois   .            (helmet unavailable)
rElec   .            (cloak unavailable)
rCorr   .            (gloves unavailable)
SInv    +            (boots unavailable)
Will    .....        (no amulet)
Stlth   ++           (no ring)
HPRegen 0.21/turn    (no ring)
MPRegen 0.08/turn

%: no passive effects
@: beast-form, quick
A: beast (slay +2), very small, claws 1, fangs 3, see invisible, speed 1, shaggy
fur 1, stealthy paws, no weapons or thrown items, no armour, multi-lived
a: Begin Untransformation


You were on level 1 of the Dungeon.
You were a hulking beast.
You visited 1 branch of the dungeon, and saw 1 of its levels.

You collected 15 gold pieces.

Inventory:

Talismans
 b - a beast talisman (active)
Scrolls
 d - a scroll of identify {unknown}
Potions
 a - a potion of lignification
 c - a potion of invisibility {unknown}


   Skills:
 + Level 1.0 Fighting
 + Level 2.7 Dodging
 + Level 0.2 Stealth
 * Level 3.0 Unarmed Combat
 + Level 3.3 Shapeshifting


You couldn't memorise any spells.
You didn't know any spells.
Your spell library contained the following spells:

 Spells                   Type           Power      Damage    Failure   Level
 Cause Fear               Hex            0%         N/A       99%         4
 Fireball                 Conj/Fire      0%         3d3       100%        5
 Dragon's Call            Summ           0%         N/A       100%        9


Dungeon Overview and Level Annotations

Branches:
Dungeon (1/15)

Altars:


Innate Abilities, Weirdness & Mutations

You are a hulking beast.
Your limbs bulge with bestial killing power. (Slay +2)
You have sharp claws.
You have razor-sharp teeth.
You have supernaturally acute eyesight. (SInv)
You cover ground quickly. (Speed+)
You are covered in fur. (AC +1)
Your paws help you pounce on unaware monsters.
You are incapable of wielding weapons or throwing items.
You cannot wear armour.
You gain extra lives every three experience levels.


Message History

Press ? for a list of commands and other information.
Found a fuming black potion.
Found two stairs.
You start waiting.
Done waiting.
c - a fuming black potion A kobold comes into view.
It is wielding a +0 short sword.
The kobold shouts!
You closely miss the kobold. The kobold closely misses you.
You scratch the kobold.
You kill the kobold!
Things that are here:
a +0 short sword; a kobold corpse
d - a scroll labelled QUMIENW OTHALY You now have 15 gold pieces.
Found a glowing orb.
You see here an orb of guile.
You pick up a book of the Dragon and begin reading...
You add the spells Cause Fear, Fireball and Dragon's Call to your library.
A dart slug comes into view.
Found an amethyst potion.
Found 2 gold pieces.
The dart slug launches a dart at you. The slug dart misses you.
The dart slug launches a dart at you. The slug dart hits you.
Ouch! That really hurt!
You scratch the dart slug.
The dart slug is heavily wounded.
You hear a shout!
A kobold comes into view. It is wielding a +0 club.
You scratch the dart slug but do no damage.
The dart slug is heavily wounded.
The dart slug launches a dart at you. The slug dart hits you.
* * * LOW HITPOINT WARNING * * *
You scratch the dart slug but do no damage.
You bite the dart slug.
The dart slug is severely wounded.
The dart slug bites you.
You die...

.....# ..#.# #...#
#...# #...# #...##
#Kw.!# #h.#
#..#### #.....#
####### #.###.#
###...... #.#
#.####...≈≈≈≈. #$#
#..##...≈≈≈≈≈§ #.#
##.#..#.§§≈≈≈≈ #.#
#...##.≈≈≈≈≈§
#.######.##..≈≈≈≈.


You could see a dart slug and a kobold.

Vanquished Creatures
  A kobold (D:1)
1 creature vanquished.

Notes
Turn   | Place    | Note
-------+----------+-------------------------------------------
     0 | D:1      | avis the Felid Shapeshifter began the quest for the Orb.
     0 | D:1      | Reached XP level 1. HP: 9/9 MP: 2/2
   186 | D:1      | Slain by a dart slug

Illustrated notes

Levels and vault maps discovered:
D:1:      dpeg_arrival_pits, layout_basic, shapermc_ecumenical_altar_venn,
          hangedman_glass_teeth

Action                     || total
---------------------------++-------
  Melee: Unarmed           ||     5
         Bite              ||     1
  Dodge: Dodged            ||     2

Table legend: (Time is in decaauts)
 A = Elapsed time spent in this place.
 B = Non-inter-level travel time spent in this place.
 C = Inter-level travel time spent in this place.
 D = Time resting spent in this place.
 E = Time spent auto-exploring this place.
 F = Levels seen in this place.
 G = Mean time per level.
                   A        B        C        D        E       F      G
               +--------+--------+--------+--------+--------+-----+--------+
         Total |    170 |    170 |      0 |    100 |     50 |   1 |  170.0 |
       Dungeon |    170 |    170 |      0 |    100 |     50 |   1 |  170.0 |
               +--------+--------+--------+--------+--------+-----+--------+

Top non-repeatable levels by time:
     D:1: 170 daAuts
